 Dungeon Crawl Stone Soup version 0.28.0-47-ge53b351184 (webtiles) character file.

Game seed: 4477595576210749320

4557 pkoi the Zephyrmancer (level 9, -2/71 HPs)
             Began as a Demigod Air Elementalist on May 6, 2022.
             Killed by their own static electricity (3 damage)
             ... on level 1 of the Lair of Beasts.
             The game lasted 00:13:31 (14075 turns).

pkoi the Zephyrmancer (Demigod Air Elementalist)   Turns: 14075, Time: 00:13:32

Health: -2/71      AC: 12    Str:  9    XL:     9   Next: 98%
Magic:  12/36      EV: 11    Int: 41    God:
Gold:   489        SH:  5    Dex: 14    Spells: 3/16 levels left

rFire   . . .      SeeInvis .   n - +6 mace "Gegyon" {speed, Int+5}
rCold   . . .      Faith    .   (no shield)
rNeg    . . .      Spirit   .   B - +3 ring mail of Vehumet's Wrath {Int+7}
rPois   .          Reflect  +   (no helmet)
rElec   .          Harm     .   c - +0 cloak
rCorr   .          Rampage  .   r - +1 pair of gloves
Will    .....                   (no boots)
Stlth   +.........              v - amulet of reflection
HPRegen 0.21/turn               s - ring of magical power
MPRegen 0.25/turn               x - ring of magical power

@: no status effects
A: high MP 1, forlorn, divine attributes
a: no special abilities


You were on level 1 of the Lair of Beasts.
You visited 2 branches of the dungeon, and saw 10 of its levels.

You collected 489 gold pieces.

Inventory:

Hand Weapons
 b - a +0 short sword
 d - a +0 short sword
 g - a +3 dagger of venom
 n - the +6 mace "Gegyon" (weapon) {speed, Int+5}
   (You found it on level 2 of the Dungeon)

   Attacks with this weapon are significantly faster.
   Int:       It affects your intelligence (+5).
 q - a +4 vorpal club
Missiles
 f - 13 poisoned darts
 t - 3 throwing nets
Armour
 c - a +0 cloak (worn)
 o - a +2 robe of positive energy
 r - a +1 pair of gloves (worn)
 B - the +3 ring mail of Vehumet's Wrath (worn) {Int+7}
   (You found it on level 8 of the Dungeon)

   Int:       It affects your intelligence (+7).
Jewellery
 s - a ring of magical power (left hand)
 v - an amulet of reflection (around neck)
 x - a ring of magical power (right hand)
 y - an amulet of the acrobat
 E - a +6 ring of strength
 F - a ring of magical power
Wands
 m - a wand of iceblast (30)
 D - a wand of flame (11)
Scrolls
 h - 2 scrolls of teleportation
 A - a scroll of identify
 C - a scroll of fog
 G - a scroll of magic mapping {unknown}
Potions
 a - a potion of flight {unknown}
 e - 2 potions of haste
 i - 3 potions of attraction {unknown}
 j - a potion of ambrosia
 k - 5 potions of curing
 l - a potion of heal wounds
 p - 2 potions of mutation {unknown}
 u - 2 potions of magic {unknown}
 w - a potion of brilliance {unknown}
 z - a potion of lignification {unknown}


   Skills:
 + Level 3.7 Fighting
 + Level 3.8 Armour
 + Level 4.3 Dodging
 - Level 1.7 Stealth
 + Level 4.1 Spellcasting
 - Level 3.0 Conjurations
 + Level 1.0 Transmutations
 + Level 0.9 Fire Magic
 * Level 10.2 Air Magic
 + Level 3.2 Poison Magic


You had 3 spell levels left.
You knew the following spells:

 Your Spells              Type           Power      Damage    Failure   Level
a - Shock                 Conj/Air       100%       1d9       1%          1
b - Static Discharge      Conj/Air       58%        N/A       1%          2
c - Mephitic Cloud        Conj/Pois/Air  52%        N/A       2%          3
d - Airstrike             Air            37%        N/A       1%          4
e - Ignite Poison         Fire/Tmut/Pois 22%        N/A       12%         3

Your spell library contained the following spells:

 Spells                   Type           Power      Damage    Failure   Level
 Swiftness                Air            75%        N/A       1%          3
 Magic Dart               Conj           100%       1d8       2%          1
 Call Imp                 Summ           8%         N/A       12%         2
 Freezing Cloud           Conj/Ice/Air   22%        6-21      34%         5


Dungeon Overview and Level Annotations

Branches:
Dungeon (9/15)             Temple (0/1) D:7            Lair (1/6) D:9
    Orc: D:9-12

Shops:
D:7 *[

Annotations:
D:3 1 runed translucent door, Iusername's ghost, amateur MiFi


Innate Abilities, Weirdness & Mutations

You have an increased reservoir of magic. (+10% MP)
You shall have no god before yourself.
Your divine heritage dramatically boosts your attributes as you level up.


Message History

The troll is moderately wounded.
The bullfrog is struck by an arc of lightning.
The bullfrog is lightly wounded.
The troll is struck by an arc of lightning.
The troll is heavily wounded.
The bullfrog is struck by an arc of lightning!
The bullfrog is heavily wounded.
The troll is struck by an arc of lightning.
The troll is heavily wounded.
The lightning grounds out.
The troll barely misses you. The troll claws you but does no damage.
The troll claws you.
* * * LOW HITPOINT WARNING * * *
Unknown command.
Casting: Static Discharge (safe; 1% risk of failure)
Confirm with . or Enter, or press ? or * to list all spells.
The troll is struck by an arc of lightning!
The troll is severely wounded.
You are struck by an arc of lightning.
* * * LOW HITPOINT WARNING * * *
The troll is struck by an arc of lightning.
The troll is almost dead.
The lightning grounds out.
The troll bites you.
* * * LOW HITPOINT WARNING * * *
The troll claws you but does no damage. The troll claws you!
* * * LOW HITPOINT WARNING * * *
Unknown command.
Unknown command.
Casting: Static Discharge (safe; 1% risk of failure)
Confirm with . or Enter, or press ? or * to list all spells.
The troll is struck by an arc of lightning!
You kill the troll!
You are struck by an arc of lightning.
* * * LOW HITPOINT WARNING * * *
The bullfrog is struck by an arc of lightning!
The bullfrog is almost dead.
The lightning grounds out.
The bullfrog is struck by an arc of lightning.
You kill the bullfrog!
You are struck by an arc of lightning.
You die...

.........
#........
#..(.....
##........
#.........
.........
#........
#@.......
........†......
...............
...............
...............
....S......=...
...............
...............


You could see a water moccasin (asleep).

Vanquished Creatures
  A cyclops (D:8)
  A tengu conjurer (D:9)
  A troll (Lair:1)
  Sigmund (D:4)
  A wyvern (D:8)
  5 yaks
  A water moccasin (D:6)
  A sky beast (D:6)
  An ice beast (D:5)
  3 centaurs
  A kobold brigand (D:9)
  3 bullfrogs
  Blork the orc (D:5)
  2 gnoll sergeants
  4 scorpions
  A wyvern skeleton (D:5)
  A killer bee (D:8)
  10 wights (D:8)
  4 howler monkeys
  A centaur zombie (D:9)
  A gnoll shaman (D:4)
  6 hounds
  7 orc priests
  2 jellies (D:6)
  2 centaur skeletons
  Terence (D:3)
  An iguana (D:4)
  4 orc wizards
  A hound skeleton (D:5)
  Robin (D:3)
  16 gnolls
  A howler monkey skeleton (D:7)
  7 adders
  3 adder skeletons
  A worm (D:2)
  4 dart slugs (D:3)
  22 orcs
  10 ball pythons
  10 bats
  7 endoplasms
  5 giant cockroaches
  7 hobgoblins
  4 kobolds
  3 quokkas
  4 frilled lizards
  21 goblins
  A quokka skeleton (D:3)
  A rat (D:1)
197 creatures vanquished.

Vanquished Creatures (others)
  2 plants (D:7)
2 creatures vanquished.

Grand Total: 199 creatures vanquished

Notes
Turn   | Place    | Note
-------+----------+-------------------------------------------
     0 | D:1      | pkoi the Demigod Air Elementalist began the quest for the
                  | Orb.
     0 | D:1      | Reached XP level 1. HP: 14/14 MP: 5/5
   130 | D:1      | Reached skill level 3 in Air Magic
   477 | D:1      | Reached XP level 2. HP: 20/20 MP: 0/7
  1781 | D:2      | Reached XP level 3. HP: 26/26 MP: 4/8
  1918 | D:2      | Learned a level 2 spell: Static Discharge
  2234 | D:2      | Reached skill level 4 in Air Magic
  2248 | D:2      | Reached skill level 1 in Conjurations
  2756 | D:2      | Identified the +6 mace "Gegyon" {speed, Int+5}
  3358 | D:3      | Noticed Robin
  3381 | D:3      | Killed Robin
  3382 | D:3      | Reached XP level 4. HP: 33/33 MP: 3/9
  3588 | D:3      | Noticed Terence
  3859 | D:3      | Killed Terence
  4155 | D:3      | Noticed a bullfrog
  4157 | D:3      | Found a runed translucent door.
  4173 | D:3      | Noticed Iusername's ghost (amateur MiFi)
  4736 | D:4      | Reached skill level 5 in Air Magic
  4913 | D:4      | Reached XP level 5. HP: 38/38 MP: 3/10
  4973 | D:4      | Noticed Sigmund
  4982 | D:3      | Learned a level 3 spell: Mephitic Cloud
  5365 | D:4      | Killed Sigmund
  5366 | D:4      | Reached skill level 6 in Air Magic
  5366 | D:4      | Reached skill level 1 in Poison Magic
  5366 | D:4      | Reached XP level 6. HP: 36/45 MP: 4/11
  6709 | D:4      | Reached XP level 7. HP: 41/50 MP: 3/12
  7156 | D:5      | Entered Level 5 of the Dungeon
  7177 | D:5      | Reached skill level 7 in Air Magic
  7916 | D:5      | Noticed Blork the orc
  7926 | D:5      | Killed Blork the orc
  8275 | D:5      | Reached skill level 8 in Air Magic
  8764 | D:5      | Reached XP level 8. HP: 52/57 MP: 6/13
  8816 | D:5      | Learned a level 4 spell: Airstrike
  9625 | D:6      | Reached skill level 1 in Fighting
  9625 | D:6      | Reached skill level 1 in Armour
 10361 | D:7      | Found a staircase to the Ecumenical Temple.
 10489 | D:7      | Reached skill level 9 in Air Magic
 10770 | D:7      | Reached XP level 9. HP: 37/68 MP: 0/16
 10839 | D:7      | Noticed a two-headed ogre
 11523 | D:7      | Found Ogiqizet's Assorted Antiques.
 11579 | D:7      | Found Onleshril's Armour Boutique.
 12283 | D:8      | Noticed a cyclops
 12287 | D:8      | Killed a cyclops
 12700 | D:8      | Reached skill level 10 in Air Magic
 13063 | D:8      | Identified the +3 ring mail of Vehumet's Wrath {Int+7}
 13079 | D:8      | Learned a level 3 spell: Ignite Poison
 14048 | D:9      | Found a staircase to the Lair.
 14052 | D:9      | Noticed a tengu conjurer
 14055 | D:9      | Killed a tengu conjurer
 14056 | D:9      | Reached skill level 1 in Transmutations
 14058 | D:9      | Noticed a centaur warrior
 14072 | Lair:1   | Entered Level 1 of the Lair of Beasts
 14074 | Lair:1   | HP: 3/71 [troll (10)]
 14075 | Lair:1   | HP: 1/71 [/static electricity (2)]
 14075 | Lair:1   | Killed from afar by themself

Illustrated notes

Levels and vault maps discovered:
D:1:      psy_arrival_statuary, layout_basic,
          ebering_ecumenical_altar_petrified, minmay_pentomino_s4
D:2:      layout_basic
D:3:      layout_loops_ring, ebering_ghost_sewer_d, minmay_distorted,
          uniq_terence, uniq_robin
D:4:      minmay_angry_zag, layout_loops_corners, uniq_sigmund
D:5:      layout_rooms, grunt_temple_overflow_open,
          minmay_misc_feat_secret_circle, amcnicky_mini_pool_small,
          minmay_tree_intersection, uniq_blork_the_orc
D:6:      layout_loops_corners, kiku_gazebo_garden_becter,
          hangedman_decor_clover_reticule
D:7:      layout_cave_pools, minmay_temple_entry_overgrown,
          lightli_ossuary_entry_decrepit_ruins, serial_shops,
          nicolae_square_shop, kennysheep_little_box, kennysheep_boxes
D:8:      layout_cave_pods, serial_column_ruins, column_ruins_temple_hall,
          column_ruins_hut, column_ruins_open_small,
          column_ruins_columns_straight, column_ruins_columns_dead_end,
          column_ruins_corridor_corner, column_ruins_open_tiny,
          column_ruins_open_tiny
D:9:      cheibrodos_ideogram_h, layout_basic, lair_entry_dummy, uniq_maurice,
          uniq_erolcha
Lair:1:   layout_big_grid, chequers_serial_rivers_micro_b,
          chequers_serial_rivers_small_3, chequers_serial_rivers_micro_e

Skill      XL: |  1  2  3  4  5  6  7  8  9 |
---------------+----------------------------+-----
Air Magic      | 3 4 5 6 8 9 10 | 10.2
Conjurations   | 1 2 3 |  3.0
Poison Magic   | 1 2 3 |  3.2
Dodging        | 3 4 |  4.3
Spellcasting   | 3 4 |  4.1
Fighting       | 2 3 |  3.7
Armour         | 2 3 |  3.8
Transmutations | 1 |  1.0
Stealth        | |  1.7
Fire Magic     | |  0.9

Action                   |  1- 3 |  4- 6 |  7- 9 || total
-------------------------+-------+-------+-------++-------
Melee: Unarmed           |     1 |       |       ||     1
       Mace              |       |    12 |    13 ||    25
       Dagger            |       |     3 |     5 ||     8
       Punch             |       |     2 |       ||     2
 Cast: Shock             |   118 |   117 |   112 ||   347
       Mephitic Cloud    |       |     3 |     3 ||     6
       Airstrike         |       |       |   105 ||   105
       Static Discharge  |       |       |     6 ||     6
  Use: Scroll            |       |     3 |     7 ||    10
 Stab: Sleeping          |       |     1 |       ||     1
Armor: Robe              |     7 |     9 |    14 ||    30
       Ring mail         |       |       |     5 ||     5
Dodge: Dodged            |    10 |    24 |    42 ||    76
Block: Other             |       |       |    14 ||    14
       Reflection        |       |       |     3 ||     3
